 Dungeon Crawl Stone Soup version 0.27.1-33-g824d729ab1 (webtiles) character file.

Game seed: 9313553428172469175

31 Enott the Cudgeller (level 3, -5/23 HPs)
             Began as a Gargoyle Monk on Nov 25, 2021.
             Killed from afar by an orc wizard (6 damage)
             ... with a magic dart
             ... on level 2 of the Dungeon.
             The game lasted 00:05:55 (840 turns).

Enott the Cudgeller (Gargoyle Monk)                  Turns: 840, Time: 00:05:55

Health: -5/23      AC:  5    Str: 15    XL:     3   Next: 22%
Magic:  3/3        EV: 12    Int: 16    God:
Gold:   23         SH:  0    Dex: 12    Spells: 2/2 levels left

rFire    + . .     SeeInvis .   a - +0 mace
rCold    + . .     Faith    .   (no shield)
rNeg     + . .     Spirit   .   b - +0 robe
rPois    ∞         Reflect  .   (no helmet)
rElec    +         Harm     .   (no cloak)
rCorr    +         Rampage  .   (no gloves)
Will     .....                  (no boots)
Stlth    ++........             c - amulet of the acrobat
HPRegen  0.07/turn              e - +6 ring of intelligence
MPRegen  0.08/turn              j - +4 ring of slaying

@: resistant, very slightly contaminated, invisible
A: sickness immunity, AC +3, negative energy resistance 1, electricity
resistance, torment resistance 1, petrification resistance
a: no special abilities


You were on level 2 of the Dungeon.
You visited 1 branch of the dungeon, and saw 2 of its levels.

You collected 23 gold pieces.

Inventory:

Hand Weapons
 a - a +0 mace (weapon)
Armour
 b - a +0 robe (worn)
Jewellery
 c - an amulet of the acrobat (around neck)
 e - a +6 ring of intelligence (left hand)
 j - a +4 ring of slaying (right hand)
Scrolls
 f - a scroll of silence {unknown}
 h - a scroll of fog {unknown}
 i - 3 scrolls of magic mapping {unknown}


   Skills:
 + Level 3.5 Fighting
 + Level 3.6 Maces & Flails
 + Level 2.8 Dodging
 + Level 2.2 Stealth


You had 2 spell levels left.
You didn't know any spells.
Your spell library was empty.

Dungeon Overview and Level Annotations

Branches:
Dungeon (2/15)

Altars:


Innate Abilities, Weirdness & Mutations

You are immune to sickness and miasma.
Your stone body is resilient. (AC +3)
You are immune to poison.
You resist negative energy. (rN+)
You are resistant to electric shocks. (rElec)
You are resistant to unholy torment.
You are immune to petrification.


Message History

The ball python barely misses you. x2
You sock the ball python!
You kill the ball python!
An orc and an orc wizard come into view.
The orc shouts!
You hear a shout!
An orc comes into view. It is wielding a +0 flail.
The orc hits you but does no damage.
You hit the orc.
The orc is moderately wounded.
You barely miss the orc wizard.
The orc hits you from afar with a +0 trident.
You sock the orc wizard!
The orc wizard is severely wounded.
The orc hits you but does no damage.
You barely miss the orc.
The orc hits you from afar with a +0 trident.
You barely miss the orc. The orc misses you.
The orc hits you from afar with a +0 trident.
The orc misses you.
You hit the orc.
The orc is lightly wounded.
The orc misses you. The orc hits you with a +0 flail.
* * * LOW HITPOINT WARNING * * *
The orc wizard mumbles some strange words.
The orc wizard flickers and vanishes!
Deactivating autopickup; reactivate with Ctrl-A.
A bat comes into view.
A magic dart appears from out of thin air!
The magic dart hits you.
* * * LOW HITPOINT WARNING * * *
An orc comes into view. It is wielding a +0 trident.
It was a potion of invisibility.
You fade into invisibility!
The orc closely misses you.
You are very lightly contaminated with residual magic.
It was a potion of resistance.
You feel protected.
A magic dart appears from out of thin air!
The magic dart hits you.
You die...

#.#
######.#.#.###.###.##
#.. ##....###.##...###
### ##..............#
#.#####o.b.##.##...#.#
#.....o#...##.###.##.#
######.#............#.
#.#.#{##.##.###.##
#.#.#.##.##<# #
#.#.#@##.........#
#.#.#o###.#####....
#.....# #. ## #...###
# #...# #...# #....
#..### #..#


You could see an orc and a bat.

Vanquished Creatures
  A dart slug (D:1)
  A ball python (D:2)
  4 bats (D:1)
  2 endoplasms (D:1)
  A giant cockroach (D:2)
  7 jackals (D:1)
  3 kobolds (D:1)
  A quokka (D:1)
  4 rats (D:1)
24 creatures vanquished.

Notes
Turn   | Place    | Note
-------+----------+-------------------------------------------
     0 | D:1      | Enott the Gargoyle Monk began the quest for the Orb.
     0 | D:1      | Reached XP level 1. HP: 14/14 MP: 1/1
    67 | D:1      | Reached XP level 2. HP: 19/19 MP: 2/2
   587 | D:1      | Reached XP level 3. HP: 23/23 MP: 3/3
   835 | D:2      | HP: 1/23 [something/magic dart (6)]
   840 | D:2      | Killed from afar by an orc wizard

Illustrated notes

Levels and vault maps discovered:
D:1:      wander_arrival_fairy_ring, layout_basic
D:2:      layout_loops_ring, basic_altar, serial_bayou_pond_d

Action                   || total
-------------------------++-------
Melee: Mace              ||    69
  Use: Scroll            ||     1
       Potion            ||     2
 Stab: Sleeping          ||     3
Armor: Robe              ||    27
Dodge: Dodged            ||    50
